 Dungeon Crawl Stone Soup version 0.25-a0-1119-g28b6fd0c3b (webtiles) character file.

Game seed: 18266236510190256361, levelgen mode: deterministic

39 Esekla the Magician (level 3, 0/23 HPs)
             Began as an Octopode Wizard on May 18, 2020.
             Slain by a gnoll
             ... wielding a +0 halberd
              (14 damage)
             ... on level 2 of the Dungeon.
             The game lasted 00:08:30 (1641 turns).

Esekla the Magician (Octopode Wizard)               Turns: 1641, Time: 00:08:30

Health: 0/23       AC:  1    Str:  7    XL:     3   Next: 45%
Magic:  7/8        EV: 12    Int: 20    God:
Gold:   114        SH:  3    Dex: 10    Spells: 6/9 levels left

rFire    + . .     SeeInvis .   d - +0 short sword
rCold    . . .     Gourm    .   k - +0 buckler
rNeg     . . .     Faith    .   a - +0 hat
rPois    .         Spirit   .   (no amulet)
rElec    .         Reflect  .   i - ring of protection from fire
rCorr    .         Harm     .   (no ring)
MR       .....                  (no ring)
Stlth    +++.......             (no ring)
HPRegen  0.07/turn              (no ring)
MPRegen  0.11/turn              (no ring)
                                (no ring)
                                (no ring)

@: no status effects
A: almost no armour, stealthy swim, amphibious, 8 rings, constrict 8, camouflage
1, gelatinous body 1
a: no special abilities


You were on level 2 of the Dungeon.
You were not hungry.

You visited 1 branch of the dungeon, and saw 2 of its levels.

You collected 114 gold pieces.

Inventory:

Hand Weapons
 d - a +0 short sword (weapon)
Missiles
 j - 7 boomerangs (quivered)
 q - 14 poisoned darts
Armour
 a - a +0 hat (worn)
 k - a +0 buckler (worn)
Jewellery
 i - a ring of protection from fire (left tentacle)
 l - an uncursed amulet of reflection {unknown}
Scrolls
 b - 2 scrolls of identify {unknown}
 e - 3 scrolls of noise {unknown}
 f - 6 scrolls of enchant armour {unknown}
 h - a scroll of teleportation {unknown}
 m - a scroll of remove curse {unknown}
Potions
 g - a potion of degeneration {unknown}
 n - a potion of brilliance {unknown}
 o - a potion of berserk rage {unknown}
 r - a potion of curing {unknown}
Comestibles
 c - 2 rations


   Skills:
 * Level 1.1 Fighting
 + Level 0.2 Short Blades
 + Level 2.2 Dodging
 - Level 2.6 Stealth
 * Level 0.2 Shields
 * Level 3.6 Spellcasting
 * Level 1.1 Conjurations
   Level 1.0 Summonings
 * Level 1.1 Translocations


You had 6 spell levels left.
You knew the following spells:

 Your Spells              Type           Power        Failure   Level  Hunger
a - Magic Dart            Conj           #...         13%         1    None
b - Blink                 Tloc           N/A          21%         2    ##.....

Your spell library contained the following spells:

 Spells                   Type           Power        Failure   Level  Hunger
 Call Imp                 Summ           #.......     22%         2    ##.....
 Slow                     Hex            #.......     32%         2    ##.....
 Conjure Flame            Conj/Fire      #.......     45%         3    ###....
 Mephitic Cloud           Conj/Pois/Air  #.......     50%         3    ###....


Dungeon Overview and Level Annotations

Branches:
Dungeon (2/15)

Altars:
Yredelemnul


Innate Abilities, Weirdness & Mutations

You cannot wear most types of armour.
You are very stealthy in the water. (Stealth+)
You are amphibious.
You can wear up to eight rings at the same time.
You can use your tentacles to constrict eight enemies at once.
Your skin changes colour to match your surroundings (Stealth+).
Your rubbery body absorbs attacks. (AC +1, EV +1)


Message History

The hobgoblin shouts!
The hobgoblin hits you with a +0 club. The hobgoblin hits you with a +0 club.
The hobgoblin throws a boomerang.
The boomerang hits you.
The weapon returns to the hobgoblin!
There is a stone staircase leading up here.
Casting: Magic Dart (safe; 13% risk of failure)
Confirm with . or Enter, or press ? or * to list all spells.
Aiming: Magic Dart (safe; 13% risk of failure)
Press: ? - help, Shift-Dir - straight line, f - hobgoblin
Aim: a hobgoblin, wielding a +0 club and quivering 6 boomerangs The magic dart hits the hobgoblin.
The hobgoblin is moderately wounded.
The hobgoblin throws a boomerang.
The boomerang closely misses you.
The weapon returns to the hobgoblin!
The hobgoblin throws a boomerang.
You block the boomerang.
The weapon returns to the hobgoblin!
The gnoll hits you from afar with a +0 halberd!
Ouch! That really hurt!
You die...

#.########.# #.# #.#
#.# #(# #.#### #.# #.#
.....## #.# ##.#######
#.....####.###........#
#...................#)#
..................<.#.#
##...#####..........#.#
#.>## #......@...#.#
#..# ##............#
##..## #......gg.....#
..)..# #.....#.g..(..#
##...####.............#
#.......##.....#.....#
#.#.###[####.....##..#
##.#.# #.# #...#####..#
#....# #.# #..##
###..##


You could see 2 gnolls and a hobgoblin.

Vanquished Creatures
  2 worms (D:2)
  3 dart slugs
  2 giant cockroaches (D:2)
  A goblin (D:2)
  3 hobgoblins
  4 kobolds
  2 quokkas (D:2)
  3 bats
  3 frilled lizards
  3 rats (D:2)
  A spectral orc (D:2)
27 creatures vanquished.

Notes
Turn   | Place    | Note
-------+----------+-------------------------------------------
     0 | D:1      | Esekla the Octopode Wizard began the quest for the Orb.
     0 | D:1      | Reached XP level 1. HP: 11/11 MP: 4/4
   212 | D:1      | Reached XP level 2. HP: 17/17 MP: 6/6
   228 | D:1      | Learned a level 2 spell: Blink
  1119 | D:2      | Reached skill level 1 in Fighting
  1119 | D:2      | Reached XP level 3. HP: 22/23 MP: 5/8
  1196 | D:2      | Found a basalt altar of Yredelemnul.
  1641 | D:2      | Slain by a gnoll

Illustrated notes

Levels and vault maps discovered:
D:1:      wheals_arrival_shading, layout_basic
D:2:      layout_loops_ring, yredelemnul_forgotten_temple_becter,
          minmay_misc_feat_square

Skill      XL: |  1  2 |
---------------+-------+-----
Fighting       | 1 |  1.1
Short Blades   | |  0.2
Dodging        | |  2.2
Stealth        | |  2.6
Shields        | |  0.2
Spellcasting   | |  3.6
Conjurations   | |  1.1
Summonings     | |  1.0
Translocations | |  1.1

Action                   || total
-------------------------++-------
Melee: Short sword       ||    61
       Constrict         ||    14
       Tentacles         ||    12
       Unarmed           ||     1
 Cast: Magic Dart        ||    18
 Stab: Sleeping          ||     8
  Eat: Chunk             ||     2
Armor: Skin              ||     2
Dodge: Dodged            ||    35
Block: Buckler           ||     5

Table legend:
 A = Non-vault XP
 B = Vault XP
 C = Vault XP percentage of total XP
 D = Non-vault monster count
 E = Vault monster count
 F = Vault count percentage of total count
                 A         B        C        D         E       F
            +---------+---------+-------+---------+---------+-------
      Total |      55 |       1 |   1.8 |      26 |       1 |   3.7
            +---------+---------+-------+---------+---------+-------
        D:1 |      16 |       0 |   0.0 |       9 |       0 |   0.0
        D:2 |      39 |       1 |   2.5 |      17 |       1 |   5.6
            +---------+---------+-------+---------+---------+-------
